cohdb
Replays
Latest Replays
All Replays
Popular Replays
Top Player Replays
Match Explorer
How It Works
Community
CoH3 Stats
Reddit
Sign in to upload your games and track your stats! →
Sign in with Steam
Match 41435309
Unlisted
Match 41435309
Overview
Messages
Build Orders
End
Kettenkrad Recon Vehicle
Construct Infanterie Kompanie
Selects Terror Battlegroup
Selects Machine Gun Camouflage
Grenadier Squad
MG 42 Machine Gun Team
Grenadier Squad
Grenadier Squad
Construct Luftwaffe Kompanie
Jäger Squad
Flak 30 Anti-aircraft Gun Team
Selects No Quarter
Selects Defend the Fatherland
Construct Panzer Kompanie
Panzer IV Medium Tank
Stoßtruppen Squad
BigTiddyLebron
kreumat
Thermidor
hitkidsnotjuuls
0
0
Comments
sign in to comment!
No comments posted yet!